 Dungeon Crawl Stone Soup version 0.22-a0-877-g5c4e1af (webtiles) character file.

88298 Dietz the Thaumaturge (level 15, -6/93 HPs)
             Began as a Vampire Enchanter on July 29, 2018.
             Was the Champion of Kikubaaqudgha.
             Shot with a bolt by a naga sharpshooter (33 damage)
             ... on level 3 of the Snake Pit.
             The game lasted 03:12:40 (34268 turns).

Dietz the Thaumaturge (Vampire Enchanter)          Turns: 34268, Time: 03:12:45

Health: -6/93      AC: 14    Str:  7    XL:     15   Next: 46%
Magic:  2/33       EV: 22    Int: 28    God:    Kikubaaqudgha [******]
Gold:   859        SH:  3    Dex: 27    Spells: 1/42 levels left

rFire    + . .     SeeInvis +   K - +9 dagger (drain)
rCold    . . .     Gourm    .   (no shield)
rNeg     + . .     Faith    .   u - +1 robe "Ruasch" {+Inv rElec Slay+2}
rPois    .         Spirit   .   b - +2 helmet
rElec    +         Reflect  +   U - +1 cloak "Loet" {Int+6 Dex+3}
rCorr    .         Harm     .   k - +2 pair of gloves {Dex+3}
MR       +....     Clarity  +   W - +2 pair of boots
Stlth    ++++++....             p - +3 amulet of reflection
HPRegen  0.25/turn              q - ring of protection from fire
MPRegen  0.23/turn              y - +2 ring of intelligence

@: lethally poisoned (-6 -> -13), death channel, very slightly contaminated
A: fangs 3, see invisible, agile 1, clarity, unbreathing, subdued magic 1
a: Bat Form, Receive Corpses, Torment, Renounce Religion, Evoke Invisibility


You were on level 3 of the Snake Pit.
You worshipped Kikubaaqudgha.
Kikubaaqudgha was exalted by your worship.
You were not thirsty.

You visited 5 branches of the dungeon, and saw 25 of its levels.
You also visited: Labyrinth, Sewer and Ice Cave.

You collected 2564 gold pieces.
You spent 1705 gold pieces at shops.

Inventory:

Hand Weapons
 s - the cursed +0 falchion of Death's Door {slice, rC+ Int+4}
   (You found it on level 1 of the Lair of Beasts)

   It inflicts extra damage upon your enemies.
   It affects your intelligence (+4).
   It protects you from cold.
   It has a curse placed upon it.
 w - the +9 spear "Wuetwela" {speed, +Inv rElec MR+}
   (You found it on level 7 of the Dungeon)

   Attacks with this weapon are significantly faster.
   It insulates you from electricity.
   It affects your resistance to hostile enchantments.
   It lets you turn invisible.
 J - a +1 dagger of venom
 K - a +9 dagger of draining (weapon)
 V - a +2 dagger of flaming
Missiles
 h - 510 stones (quivered)
 x - a throwing net
Armour
 b - a +2 helmet (worn)
 i - a +2 robe of fire resistance
 k - a +2 pair of gloves of dexterity (worn)
 r - a +2 robe of cold resistance
 u - the +1 robe "Ruasch" (worn) {+Inv rElec Slay+2}
   (You bought it in a shop on level 6 of the Dungeon)

   It affects your accuracy and damage with ranged weapons and melee attacks
   (+2).
   It insulates you from electricity.
   It lets you turn invisible.
 O - a scarf of repulsion
 T - the +2 robe of Beauty {rPois SInv}
   (You found it in a labyrinth)

   It protects you from poison.
   It lets you see invisible.
 U - the +1 cloak "Loet" (worn) {Int+6 Dex+3}
   (You found it on level 12 of the Dungeon)

   It affects your intelligence (+6).
   It affects your dexterity (+3).
 W - a +2 pair of boots (worn)
Jewellery
 c - an uncursed amulet of regeneration
 p - a +3 amulet of reflection (around neck)
 q - a ring of protection from fire (left hand)
 y - a +2 ring of intelligence (right hand)
 R - the ring of Lecs {*Corrode +Inv rElec rN+ EV+3 Dex+5}
   (You found it in a labyrinth)

   [ring of evasion]

   It affects your evasion (+3).
   It affects your dexterity (+5).
   It insulates you from electricity.
   It protects you from negative energy.
   It lets you turn invisible.
   It may corrode you when you take damage.
 S - the amulet of Huileaj {rC+ Regen+}
   (You found it in a labyrinth)

   [amulet of regeneration]

   It protects you from cold.
   It increases your rate of regeneration.
Wands
 A - a wand of random effects (43)
 D - a wand of iceblast (26)
 M - a wand of paralysis (13)
 N - a wand of flame (33)
 Q - a wand of scattershot (7)
 X - a wand of acid (11)
 Y - a wand of disintegration (12)
Scrolls
 a - a scroll of enchant weapon
 e - 13 scrolls of teleportation
 j - 2 scrolls of amnesia
 m - 3 scrolls of blinking
 n - 12 scrolls of remove curse
 o - 3 scrolls of magic mapping
 t - 4 scrolls of identify
 I - 2 scrolls of fog
 L - 2 scrolls of fear
 P - 2 scrolls of vulnerability
Potions
 d - a potion of haste
 f - 7 potions of flight
 g - 4 potions of invisibility
 l - 7 potions of curing
 v - 2 potions of mutation
 z - 4 potions of agility
 B - 18 potions of blood
 E - 2 potions of heal wounds
 F - a potion of might
 G - a potion of brilliance
 H - a potion of resistance
Miscellaneous
 C - a phantom mirror
 Z - a box of beasts


   Skills:
 - Level 1.4 Fighting
 - Level 10.0 Short Blades
 * Level 9.4 Dodging
 - Level 11.5 Stealth
 + Level 14.2 Spellcasting
 - Level 0.5 Conjurations
 - Level 14.0 Hexes
 * Level 13.8 Necromancy
 - Level 5.0 Ice Magic
 - Level 5.0 Earth Magic
 - Level 5.0 Evocations


You had one spell level left.
You knew the following spells:

 Your Spells              Type           Power        Failure   Level  Hunger
a - Borgnjor's Vile Clut  Necr/Erth      ######....   1%          5    #......
b - Ensorcelled Hibernat  Hex/Ice        ######       1%          2    None
c - Confuse               Hex            ######..     0%          3    None
d - Tukima's Dance        Hex            ######..     0%          3    None
e - Dazzling Spray        Conj/Hex       #####.       1%          3    None
f - Vampiric Draining     Necr           ######....   0%          3    None
g - Animate Dead          Necr           N/A          1%          4    None
h - Metabolic Englaciati  Hex/Ice        ######....   1%          5    #......
i - Dispel Undead         Necr           ######..     1%          5    #......
j - Death Channel         Necr           ######....   1%          6    ####...
k - Blink                 Tloc           N/A          3%          2    None

Your spell library contained the following spells:

 Spells                   Type           Power        Failure   Level  Hunger
 Cause Fear               Hex            ######....   1%          4    None
 Apportation              Tloc           ###...       1%          1    None
 Bolt of Cold             Conj/Ice       ####......   75%         6    ####...
 Slow                     Hex            ######..     0%          2    None
 Freezing Cloud           Conj/Ice/Air   ###.......   86%         6    ####...
 Mephitic Cloud           Conj/Pois/Air  ###.....     6%          3    None
 Venom Bolt               Conj/Pois      ###.......   50%         5    #......
 Olgreb's Toxic Radiance  Pois           ###.....     22%         4    None
 Teleport Other           Tloc           ###.....     6%          3    None
 Death's Door             Chrm/Necr      #####.....   100%        8    #######
 Summon Small Mammal      Summ           ###.         1%          1    None
 Pain                     Necr           ####         0%          1    None
 Animate Skeleton         Necr           N/A          0%          1    None
 Haunt                    Necr/Summ      #####.....   75%         7    ######.
 Borgnjor's Revivificati  Necr           ######....   47%         8    #######
 Ozocubu's Refrigeration  Ice            #####.....   41%         6    ####...
 Regeneration             Chrm/Necr      #####.....   1%          3    None
 Sting                    Conj/Pois      ###.         1%          1    None
 Sublimation of Blood     Necr           ######....   0%          2    None
 Stone Arrow              Conj/Erth      ####..       1%          3    None
 Swiftness                Chrm/Air       ###.....     3%          2    None
 Statue Form              Tmut/Erth      ####.....    78%         6    ####...
 Ice Form                 Ice/Tmut       ####....     8%          4    None
 Dragon Form              Tmut           ###.......   100%        7    ######.
 Necromutation            Tmut/Necr      #####.....   100%        8    #######
 Shadow Creatures         Summ           N/A          98%         6    ####...
 Confusing Touch          Hex            ######       0%          1    None
 Passwall                 Tmut/Erth      ####....     1%          2    None
 Silence                  Hex/Air        #####.....   3%          5    #......
 Corona                   Hex            ######.      0%          1    None
 Lee's Rapid Deconstruct  Erth           #####.....   8%          5    #......
 Sandblast                Erth           #####.       1%          1    None
 Simulacrum               Ice/Necr       ######....   7%          6    ####...
 Conjure Ball Lightning   Conj/Air       ###.......   98%         6    ####...
 Excruciating Wounds      Chrm/Necr      #####.....   3%          5    #......
 Portal Projectile        Hex/Tloc       #####.       1%          3    None
 Petrify                  Tmut/Erth      ####....     8%          4    None
 Passage of Golubria      Tloc           N/A          22%         4    None
 Leda's Liquefaction      Hex/Erth       ######....   1%          4    None
 Darkness                 Hex            ######....   1%          6    ####...
 Shroud of Golubria       Chrm/Tloc      ###.......   3%          2    None
 Inner Flame              Hex/Fire       #####...     1%          3    None
 Dragon's Call            Summ           ###.......   100%        9    #######
 Hydra Form               Tmut           ###.......   98%         6    ####...
 Irradiate                Conj/Tmut      ###.......   50%         5    #......
 Gell's Gravitas          Tloc           ###.......   6%          3    None
 Infestation              Necr           ######....   47%         8    #######
 Lesser Beckoning         Tloc           ###.......   6%          3    None
 Poisonous Vapours        Pois/Air       ###...       3%          2    None


Dungeon Overview and Level Annotations

Branches:
Dungeon (13/15)            Temple (1/1) D:4            Lair (6/6) D:9
  Swamp (0/4) Lair:2        Snake (3/4) Lair:3        Slime (0/5) Lair:6
    Orc (2/2) D:12            Elf (0/3) Orc:2
 Vaults: D:13-14

Altars:
Ashenzari
Cheibriados
Dithmenos
Elyvilon
Fedhas
Gozag
Hepliaklqana
Kikubaaqudgha
Makhleb
Nemelex Xobeh
Okawaru
Qazlal
Ru
Sif Muna
Trog
Uskayaw
Vehumet
Wu Jian
Xom
Yredelemnul
Zin
The Shining One
Beogh
Jiyva

Shops:
D:6 ***(   D:10 }   Orc:2 :??%

Annotations:
D:10 1 runed door, Urug; contendunt's ghost, journeyman MiFi
Lair:4 2 runed doors, Xyudeake's ghost, journeyman DEFE
Snake:1 1 runed door


Innate Abilities, Weirdness & Mutations

You have razor-sharp teeth.
You have supernaturally acute eyesight. (SInv)
You can survive without breathing.
You are agile. (Dex +2)
You possess an exceptional clarity of mind.
Your spells are a little easier to cast, but a little less powerful.


Message History

t - Shout!
Orders for allies: a - Attack new target. p - Attack previous target. r - Retreat! s - Stop attacking. g - Guard the area. f - Follow me.
Anything else - Cancel.
Okay, then.
Unknown command.
You hit the black mamba.
You kill the black mamba!
Kikubaaqudgha accepts your kill.
A glowing mist starts to gather...
The zombie hands constrict the naga sharpshooter.
You feel sick.
Something barely misses your spectral naga warrior.
Your spectral naga warrior hits the naga sharpshooter.
The naga sharpshooter casts a spell.
The naga sharpshooter magically shoots a bolt.
The bolt hits you!!
You die...
Kikubaaqudgha rasps: "You have failed me!
Welcome... oblivion!"

#................#
#............).##
##...........###
#............#
#............#
#............#
..######...#...###...#
..........##.Z## ##..#
..........##@.# #.
.###.....)#...#
####...#..##
##..ZZZ#### #.NZZZ...#
#ZZ.Z.Z....
#)..Z......
........Z#######
.......†..#


You could see a naga sharpshooter, a friendly spectral black mamba (wandering),
2 friendly spectral nagas, 3 friendly spectral naga warriors, 2 friendly
spectral guardian serpents, a friendly naga zombie, 2 friendly naga warrior
zombies, a friendly guardian serpent zombie and a friendly naga sharpshooter
zombie.

Vanquished Creatures
  Kirke (Lair:5)
  A minotaur (Lab)
  The ghost of Dothro the Martial Artist, a journeyman OpTm of Okawaru (Lair:6)
  A fire dragon (Lair:6)
  3 naga warriors
  5 hydras
  A catoblepas (Lair:2)
  3 anacondas
  3 two-headed ogres
  3 death yaks
  3 orc high priests (Orc:2)
  A naga sharpshooter (Snake:3)
  2 shock serpents
  Nergalle (Lair:4)
  Sonja (Lair:4)
  An unseen horror (D:11)
  A naga ritualist (Snake:2)
  A lindwurm (Lair:6)
  An oklob plant (Lair:3)
  6 orc sorcerers
  2 salamanders (Snake:2)
  2 ugly things (IceCv)
  Joseph (D:10)
  8 mana vipers
  8 elephants
  16 black mambas
  A guardian serpent (Snake:3)
  2 naga magi
  A gargoyle (D:12)
  8 spiny frogs
  A torpor snail (Lair:6)
  3 molten gargoyles (Lair:6)
  9 komodo dragons
  A queen bee (D:9)
  4 trolls
  A hornet (D:8)
  30 blink frogs
  7 dream sheep
  7 hippogriffs
  A meliai zombie (D:10)
  Sigmund (D:4)
  7 wyverns
  49 yaks
  6 hogs (Lair:5)
  8 basilisks
  A hungry ghost (D:9)
  2 steam dragons (Lair:6)
  8 vampire mosquitoes
  2 wargs
  An acid dragon (D:12)
  14 nagas
  10 water moccasins
  5 hell hounds (Lair:6)
  Duvessa (D:4)
  3 sky beasts
  11 porcupines
  23 orc warriors
  2 black bears
  An eye of draining (D:12)
  A phantom (D:8)
  10 ice beasts
  5 ogres
  11 wolves
  3 centaurs
  11 crocodiles
  13 bullfrogs
  A gnoll sergeant (D:6)
  Dowan (D:4)
  A wyvern skeleton (D:10)
  A water moccasin skeleton (D:6)
  6 scorpions
  20 killer bees
  A spriggan skeleton (Lab)
  8 wights
  A troll skeleton (Lab)
  6 howler monkeys
  5 crimson imps
  2 bullfrog zombies
  3 hounds
  5 lava snakes (Lair:6)
  A quasit (D:12)
  A centaur zombie (D:6)
  A centaur skeleton (Lab)
  A jelly (D:6)
  24 orc priests
  2 bullfrog skeletons
  5 iguanas
  27 orc wizards
  8 worker ants
  An ogre skeleton (Lab)
  A hound skeleton (D:10)
  A howler monkey zombie (D:5)
  2 worker ant zombies
  14 gnolls
  A river rat (D:3)
  12 adders
  3 shadow imps
  4 oozes (Sewer)
  An adder skeleton (D:4)
  8 worms
  53 orcs
  4 ball pythons
  14 bats
  14 giant cockroaches
  7 goblins
  6 hobgoblins
  8 jackals
  4 quokkas
  5 frilled lizards
  A jackal skeleton (D:4)
  6 kobolds
  A quokka zombie (D:7)
  7 rats
  A fungus (Lair:3)
  2 plants
674 creatures vanquished.

Vanquished Creatures (collateral kills)
  2 naga warriors
  A hydra (Lair:4)
  3 anacondas (Snake:1)
  2 death yaks (Lair:6)
  2 naga ritualists
  An orc sorcerer (Orc:2)
  4 mana vipers
  3 salamanders
  5 black mambas
  2 naga magi (Snake:2)
  2 guardian serpents
  4 spiny frogs
  4 blink frogs
  3 dream sheep (Lair:5)
  A hippogriff (Lair:6)
  A basilisk (Lair:1)
  6 yaks (Lair:6)
  A hog (Lair:5)
  2 nagas (Snake:2)
  4 water moccasins
  3 orc warriors
  2 wolves (Lair:6)
  A crocodile (Lair:2)
  An electric eel (Lair:1)
  5 orc priests (Orc:2)
  11 orc wizards
  2 orcs (Orc:1)
  6 fungi
  A plant (Lair:6)
85 creatures vanquished.

Vanquished Creatures (others)
  An orc priest (Orc:2)
  26 fungi
  13 plants
40 creatures vanquished.

Grand Total: 799 creatures vanquished

Notes
Turn   | Place    | Note
-------+----------+-------------------------------------------
     0 | D:1      | Dietz the Vampire Enchanter began the quest for the Orb.
     0 | D:1      | Reached XP level 1. HP: 13/13 MP: 3/3
   120 | D:1      | Reached XP level 2. HP: 17/19 MP: 5/5
   131 | D:1      | Learned a level 2 spell: Ensorcelled Hibernation
   207 | D:1      | Reached skill level 5 in Stealth
   950 | D:2      | Reached XP level 3. HP: 23/24 MP: 3/6
   959 | D:2      | Learned a level 3 spell: Confuse
  1351 | D:2      | Reached skill level 5 in Hexes
  1793 | D:3      | You fall through a shaft for 2 floors!
  1793 | D:5      | Entered Level 5 of the Dungeon
  1805 | D:5      | Reached XP level 4. HP: 30/30 MP: 2/7
  2027 | D:3      | Found a glowing drain.
  2101 | Sewer    | Entered a sewer
  2473 | Sewer    | Reached XP level 5. HP: 32/36 MP: 1/8
  3392 | D:4      | Reached skill level 1 in Ice Magic
  3504 | D:4      | Found a staircase to the Ecumenical Temple.
  3566 | Temple   | Entered the Ecumenical Temple
  3713 | Temple   | Became a worshipper of Kikubaaqudgha
  3745 | D:4      | Reached XP level 6. HP: 42/42 MP: 6/9
  3760 | D:4      | Noticed Sigmund
  3780 | D:4      | Noticed Dowan
  3908 | D:4      | Noticed Duvessa
  3909 | D:4      | Found a hide-covered altar of Uskayaw.
  3934 | D:4      | Killed Duvessa
  4247 | D:4      | Killed Sigmund
  4247 | D:4      | Reached XP level 7. HP: 47/47 MP: 8/11
  4660 | D:4      | Killed Dowan
  4820 | D:5      | Learned a level 3 spell: Tukima's Dance
  4824 | D:5      | Learned a level 3 spell: Dazzling Spray
  4849 | D:5      | Reached skill level 1 in Fighting
  5143 | D:5      | Reached * piety under Kikubaaqudgha
  5143 | D:5      | Identified Kikubaaqudgha's Papyrus of Evil (Kikubaaqudgha gifted it to you on level 5 of the Dungeon)
  5143 | D:5      | Received a gift from Kikubaaqudgha
  5143 | D:5      | Reached XP level 8. HP: 54/54 MP: 10/13
  6044 | D:6      | Found Imumub's Assorted Antiques.
  6052 | D:6      | Reached skill level 10 in Stealth
  6058 | D:6      | Bought an ancient robe for 182 gold pieces
  6058 | D:6      | Bought a golden potion for 28 gold pieces
  6058 | D:6      | Identified the +1 robe "Ruasch" {+Inv rElec Slay+2} (You bought it in a shop on level 6 of the Dungeon)
  6115 | D:6      | Learned a level 3 spell: Vampiric Draining
  6351 | D:6      | Found Othatuot's General Store.
  6433 | D:6      | Reached skill level 5 in Short Blades
  6454 | D:6      | Reached XP level 9. HP: 59/59 MP: 0/16
  6467 | D:6      | Reached skill level 5 in Spellcasting
  6804 | D:6      | Found Irobuiby's Weapon Boutique.
  6904 | D:6      | Found a shimmering altar of Xom.
  7174 | D:6      | Found Qegabune's Assorted Antiques.
  7367 | D:7      | Reached skill level 1 in Necromancy
  7549 | D:7      | Got a warped spear
  7614 | D:7      | Reached ** piety under Kikubaaqudgha
  8097 | D:7      | Found a sparkling altar of Nemelex Xobeh.
  8671 | D:8      | Reached skill level 10 in Hexes
  8752 | D:8      | Reached skill level 1 in Evocations
  9144 | D:9      | Noticed a two-headed ogre
  9489 | D:8      | Reached XP level 10. HP: 53/66 MP: 15/19
 10012 | D:9      | Reached *** piety under Kikubaaqudgha
 10012 | D:9      | Identified Kikubaaqudgha's Papyrus of Black Secrets (Kikubaaqudgha gifted it to you on level 9 of the Dungeon)
 10012 | D:9      | Received a gift from Kikubaaqudgha
 10037 | D:9      | Learned a level 4 spell: Animate Dead
 10186 | D:9      | Killed a two-headed ogre
 10213 | D:9      | Noticed a two-headed ogre
 10222 | D:9      | Killed a two-headed ogre
 10237 | D:9      | Found a staircase to the Lair.
 11148 | D:10     | Entered Level 10 of the Dungeon
 11202 | D:10     | Reached skill level 5 in Necromancy
 11272 | D:10     | Noticed Urug
 11721 | Lair:1   | Entered Level 1 of the Lair of Beasts
 11765 | Lair:1   | Reached XP level 11. HP: 71/71 MP: 15/22
 11787 | Lair:1   | Learned a level 5 spell: Metabolic Englaciation
 12161 | Lair:1   | Got a coiled silver amulet
 12162 | Lair:1   | Identified the amulet of Asubiat {Harm *Drain rF+} (You found it on level 1 of the Lair of Beasts)
 12303 | Lair:1   | Noticed a seven-headed hydra
 12313 | Lair:1   | Killed a seven-headed hydra
 12502 | Lair:1   | Got a bloodstained falchion
 12504 | Lair:1   | Gained mutation: You possess an exceptional clarity of mind. [potion of mutation]
 12504 | Lair:1   | Gained mutation: Your spells are a little easier to cast, but a little less powerful. [potion of mutation]
 12504 | Lair:1   | Gained mutation: You are agile. (Dex +2) [potion of mutation]
 12548 | Lair:1   | Got a shimmering falchion
 12581 | Lair:1   | Reached **** piety under Kikubaaqudgha
 12957 | Lair:2   | Found a staircase to the Swamp.
 13018 | Lair:2   | Noticed a catoblepas
 13717 | Lair:2   | Found a glowing silver altar of Zin.
 13837 | Lair:2   | Killed a catoblepas
 14577 | Lair:2   | Reached skill level 5 in Evocations
 14577 | Lair:2   | Reached XP level 12. HP: 70/77 MP: 15/25
 14587 | Lair:2   | Learned a level 5 spell: Dispel Undead
 14596 | Lair:3   | Found a white marble altar of Elyvilon.
 15108 | Lair:3   | Found a staircase to the Snake Pit.
 15651 | Lair:3   | Identified the cursed +0 falchion of Death's Door {slice, rC+ Int+4} (You found it on level 1 of the Lair of Beasts)
 15936 | Lair:3   | Reached ***** piety under Kikubaaqudgha
 16127 | Lair:4   | Noticed Nergalle
 16207 | Lair:4   | Killed Nergalle
 16471 | Lair:4   | Found a large runed door.
 16471 | Lair:4   | Found a large runed door.
 16472 | Lair:4   | Noticed Xyudeake's ghost (journeyman DEFE)
 16512 | Lair:4   | Noticed a seven-headed hydra
 16514 | Lair:4   | Reached skill level 10 in Short Blades
 16519 | Lair:4   | Noticed an eight-headed hydra
 16519 | Lair:4   | Killed a seven-headed hydra
 17319 | Lair:4   | Reached skill level 5 in Ice Magic
 17433 | Lair:4   | Killed an eight-headed hydra
 17576 | Lair:4   | Noticed a death yak
 17576 | Lair:4   | Noticed a death yak
 17577 | Lair:4   | Noticed a death yak
 17580 | Lair:4   | Noticed a death yak
 17657 | Lair:4   | Noticed Sonja
 17871 | Lair:4   | Identified the +6 falchion of Upheaval {holy, rPois rC+} (You found it on level 1 of the Lair of Beasts)
 17873 | Lair:4   | Identified the +9 spear "Wuetwela" {speed, +Inv rElec MR+} (You found it on level 7 of the Dungeon)
 18267 | Lair:3   | Killed a death yak
 18267 | Lair:3   | Reached skill level 5 in Dodging
 18623 | Lair:4   | Killed Sonja
 18673 | Lair:4   | Killed a death yak
 18873 | Lair:5   | Noticed a five-headed hydra
 18882 | Lair:5   | Killed a five-headed hydra
 18882 | Lair:5   | Reached skill level 10 in Spellcasting
 18882 | Lair:5   | Reached XP level 13. HP: 82/82 MP: 23/27
 18914 | Lair:5   | Found a bloodstained altar of Trog.
 19941 | Lair:5   | Reached skill level 10 in Necromancy
 20336 | Lair:5   | Noticed Kirke
 20830 | Lair:5   | Killed Kirke
 20915 | Lair:5   | Learned a level 5 spell: Borgnjor's Vile Clutch
 21235 | Lair:6   | Entered Level 6 of the Lair of Beasts
 21374 | Lair:6   | Reached skill level 1 in Earth Magic
 21666 | Lair:6   | Found a runed door.
 21667 | Lair:6   | Noticed Dothro's ghost (journeyman OpTm)
 21786 | Lair:6   | Killed Dothro's ghost
 22376 | Lair:6   | Found a viscous altar of Jiyva.
 22377 | Lair:6   | Found a staircase to the Slime Pits.
 23278 | Lair:6   | Reached ****** piety under Kikubaaqudgha
 23324 | Lair:6   | Reached XP level 14. HP: 79/88 MP: 23/30
 24092 | Lair:6   | Found a large runed door.
 24093 | Lair:6   | Found a large runed door.
 24717 | Lair:1   | Upgraded the game from 0.22-a0-872-g6a232dd to 0.22-a0-877-g5c4e1af
 24810 | D:10     | Noticed Joseph
 24831 | D:10     | Found Momus's Gadget Shoppe.
 24854 | D:10     | Killed Joseph
 24926 | D:10     | Found a runed door.
 24936 | D:10     | Noticed contendunt's ghost (journeyman MiFi)
 26110 | D:12     | Found a labyrinth entrance.
 26168 | Lab      | Entered a labyrinth
 26584 | Lab      | Identified the Catalogue of the Entourage and Feathers
 26585 | Lab      | Got a slimy silver ring
 26585 | Lab      | Got a fine diamond amulet
 26586 | Lab      | Got a silken robe
 26587 | Lab      | Identified the amulet of Huileaj {rC+ Regen+} (You found it in a labyrinth)
 26588 | Lab      | Identified the +2 robe of Beauty {rPois SInv} (You found it in a labyrinth)
 26590 | Lab      | Identified the ring of Lecs {*Corrode +Inv rElec rN+ EV+3 Dex+5} (You found it in a labyrinth)
 26591 | Lab      | Received a gift from Kikubaaqudgha
 26699 | D:12     | Got a warped cloak
 26710 | D:12     | Identified the +1 cloak "Loet" {Int+6 Dex+3} (You found it on level 12 of the Dungeon)
 27780 | D:12     | Found a staircase to the Orcish Mines.
 28340 | Orc:1    | Entered Level 1 of the Orcish Mines
 28350 | D:12     | Learned a level 6 spell: Death Channel
 28588 | Orc:1    | You fall through a shaft!
 28588 | Orc:2    | Entered Level 2 of the Orcish Mines
 28693 | Orc:2    | Found a frozen archway.
 28707 | IceCv    | Entered an ice cave
 28734 | IceCv    | Found a transporter.
 28835 | IceCv    | Found a transporter.
 29048 | Orc:2    | Found a staircase to the Elven Halls.
 29548 | Orc:2    | Found a roughly hewn altar of Beogh.
 29604 | Orc:2    | Found a roughly hewn altar of Beogh.
 29726 | Orc:2    | Found Hemis's Food Shoppe.
 29726 | Orc:2    | Found Avisiuda's Magic Scroll Emporium.
 29738 | Orc:2    | Found Weanga's Book Emporium.
 29881 | Orc:2    | Found Potub's Magic Scroll Shoppe.
 30644 | Orc:1    | Reached skill level 5 in Earth Magic
 31352 | Orc:2    | Bought a book of Debilitation for 520 gold pieces
 31352 | Orc:2    | Bought a book of Dreams for 975 gold pieces
 31585 | Snake:1  | Entered Level 1 of the Snake Pit
 32080 | Snake:1  | Reached XP level 15. HP: 38/93 MP: 0/32
 32558 | Snake:1  | Found a runed door.
 33688 | Snake:2  | Found a basalt altar of Yredelemnul.
 34145 | Snake:2  | Learned a level 2 spell: Blink
 34261 | Snake:3  | Noticed a nagaraja
 34268 | Snake:3  | Shot with a bolt by a naga sharpshooter

Vault maps used:
D:1:      onia_arrival_larder, minmay_statues_item, minivault_23, st_stairs_10
D:3:      first_ration, cheibrodos_sewer_entry_sluice
D:4:      kennysheep_mini_moat, minmay_temple_entry_crystal_x, uniq_duvessa,
          uniq_sigmund
D:6:      lemuel_coloured_pillars_altar, serial_shops, shop,
          nicolae_shop_window_shopping, nicolae_shop_crystal,
          nicolae_shop_behind_doors
D:7:      basic_altar
D:9:      dpeg_oklobed_lair, david_nohive_1
D:10:     hellmonk_ghost_happy_afterlife, serial_shops, shop, uniq_urug,
          uniq_joseph
D:12:     david_orc_4, lab_entry_generic
D:13:     david_vaults_4, nrook_guardian_serpent_double, uniq_rupert
Temple:   regret_index_temple_chain_breaker
Lair:1:   infiniplex_staircase_pool_2, serial_bayou_shore_a, grunt_megastairs_1,
          lemuel_fruit_tree
Lair:2:   minmay_swamp_entry_swarm, basic_altar, serial_bayou_pond_d
Lair:3:   guppyfry_snake_entry_garden, eino_small_chamber_without_monster,
          lemuel_oklob_altar
Lair:4:   ebering_ghost_disaster_area, uniq_sonja, uniq_nergalle
Lair:5:   basic_altar, infiniplex_staircase_pool, lemuel_fruit_fields,
          uniq_kirke
Lair:6:   cheibrodos_lair_end_hotspot, dpeg_slime_entry_enclosed_altar,
          gammafunk_ghost_grave
Snake:1:  lightli_airlock
Snake:2:  basic_altar, nicolae_large_snake_swirl
Snake:3:  st_stairs_14
Orc:2:    st_orc_mages, basic_altar, portal_ice_cave_entry_pillars_2,
          bh_open_orc_temple
Lab:      labyrinth_hidden_loot, nicolae_lab_checkerboard, nicolae_lab_grate_2,
          nicolae_lab_diamond, nicolae_lab_statue
Sewer:    sewer_fruit_machine
IceCv:    ice_cave_statue_garden_transporter

Skill      XL: |  1  2  3  4  5  6  7  8  9 10 11 12 13 14 15 |
---------------+----------------------------------------------+-----
Stealth        | 5 6 7 8 9 11 | 11.5
Hexes          | 5 6 7 8 10 12 13 14 | 14.0
Short Blades   | 2 3 5 6 7 8 10 | 10.0
Dodging        | 3 5 7 8 9 |  9.4
Ice Magic      | 1 2 5 |  5.0
Spellcasting   | 3 4 6 7 9 10 12 13 14 | 14.2
Fighting       | 1 |  1.4
Necromancy     | 3 5 6 9 11 12 13 | 13.8
Evocations     | 1 3 5 |  5.0
Earth Magic    | 2 5 |  5.0
Conjurations   | |  0.5

Action                   |  1- 3 |  4- 6 |  7- 9 | 10-12 | 13-15 || total
-------------------------+-------+-------+-------+-------+-------++-------
Melee: Dagger            |   109 |   150 |   191 |   353 |   623 ||  1426
       Bite              |     7 |     6 |    10 |    39 |    84 ||   146
       Unarmed           |       |       |       |     1 |       ||     1
       Spear             |       |       |       |       |     5 ||     5
Throw: Stone             |       |       |     3 |    33 |    22 ||    58
 Cast: Ensorcelled Hiber |     9 |    32 |    88 |   151 |   175 ||   455
       Corona            |     2 |     2 |       |       |       ||     4
       Confuse           |       |     5 |    14 |   100 |    74 ||   193
       Dazzling Spray    |       |       |     7 |     6 |     8 ||    21
       Animate Dead      |       |       |       |    15 |    42 ||    57
       Metabolic Englaci |       |       |       |     5 |     5 ||    10
       Tukima's Dance    |       |       |       |     1 |     1 ||     2
       Borgnjor's Vile C |       |       |       |       |    46 ||    46
       Dispel Undead     |       |       |       |       |     8 ||     8
       Death Channel     |       |       |       |       |    15 ||    15
       Vampiric Draining |       |       |       |       |     1 ||     1
Invok: Receive Necronomi |       |       |       |       |     1 ||     1
 Abil: End Transformatio |       |       |     2 |     9 |     7 ||    18
       Bat Form          |       |       |     2 |     9 |     7 ||    18
Evoke: Wand              |       |       |       |    17 |       ||    17
  Use: Scroll            |       |     7 |     4 |    10 |    25 ||    46
       Potion            |       |    15 |     6 |    12 |    18 ||    51
 Stab: Sleeping          |    24 |    31 |    83 |   110 |   127 ||   375
       Distracted        |       |     1 |     1 |     5 |     9 ||    16
       Confused          |       |     4 |     4 |    34 |    34 ||    76
       Invisible         |       |       |     2 |     2 |       ||     4
  Eat: Corpse            |       |     1 |     5 |     6 |    12 ||    24
Armor: Robe              |    30 |    49 |    14 |    22 |    56 ||   171
Dodge: Dodged            |    77 |   151 |   129 |   134 |   339 ||   830
Block: Other             |       |       |       |       |    38 ||    38
       Reflection        |       |       |       |       |     4 ||     4

Table legend:
 A = Spawn XP
 B = Non-spawn XP
 C = Spawn XP percentage of total XP
 D = Spawn monster count
 E = Non-spawn monster count
 F = Spawn count percentage of total count
 G = Total turns spent on level
                    A         B        C        D         E        F      G
               +---------+---------+-------+---------+---------+-------+---------
         Total |       0 |  126140 |   0.0 |       0 |     750 |   0.0 | 34268
               +---------+---------+-------+---------+---------+-------+---------
           D:1 |       0 |      37 |   0.0 |       0 |      24 |   0.0 |   921
           D:2 |       0 |      38 |   0.0 |       0 |      13 |   0.0 |   848
           D:3 |       0 |      39 |   0.0 |       0 |      14 |   0.0 |   568
           D:4 |       0 |     690 |   0.0 |       0 |      20 |   0.0 |   913
           D:5 |       0 |     548 |   0.0 |       0 |      20 |   0.0 |  1320
           D:6 |       0 |    1854 |   0.0 |       0 |      40 |   0.0 |  1374
           D:7 |       0 |     666 |   0.0 |       0 |      20 |   0.0 |   973
           D:8 |       0 |    1563 |   0.0 |       0 |      18 |   0.0 |  1339
           D:9 |       0 |    4264 |   0.0 |       0 |      36 |   0.0 |  1829
          D:10 |       0 |    2696 |   0.0 |       0 |      22 |   0.0 |   856
          D:11 |       0 |    4796 |   0.0 |       0 |      20 |   0.0 |  1257
          D:12 |       0 |    3905 |   0.0 |       0 |      51 |   0.0 |  1268
        Lair:1 |       0 |    6134 |   0.0 |       0 |      25 |   0.0 |  1834
        Lair:2 |       0 |    5402 |   0.0 |       0 |      26 |   0.0 |  1146
        Lair:3 |       0 |    7545 |   0.0 |       0 |      34 |   0.0 |  2832
        Lair:4 |       0 |    8479 |   0.0 |       0 |      32 |   0.0 |  1884
        Lair:5 |       0 |   13275 |   0.0 |       0 |      51 |   0.0 |  2123
        Lair:6 |       0 |   20491 |   0.0 |       0 |      78 |   0.0 |  3246
       Snake:1 |       0 |    8994 |   0.0 |       0 |      18 |   0.0 |  1826
       Snake:2 |       0 |   14385 |   0.0 |       0 |      36 |   0.0 |   781
       Snake:3 |       0 |    6396 |   0.0 |       0 |      15 |   0.0 |    76
         Orc:1 |       0 |    2514 |   0.0 |       0 |      26 |   0.0 |  1347
         Orc:2 |       0 |    8198 |   0.0 |       0 |      71 |   0.0 |  1554
           Lab |       0 |    1362 |   0.0 |       0 |       5 |   0.0 |   450
         Sewer |       0 |      96 |   0.0 |       0 |      27 |   0.0 |   984
         IceCv |       0 |    1773 |   0.0 |       0 |       8 |   0.0 |   152
               +---------+---------+-------+---------+---------+-------+---------
